 Dungeon Crawl Stone Soup version 0.20-a0-465-g6513c8f (webtiles) character file.

7975 PurpleRed the Ripper (level 11, -1/48 HPs)
             Began as a Felid Venom Mage on Jan 12, 2017.
             Was the Champion of Okawaru.
             Shot with a bolt by an orc warrior (19 damage)
             ... on level 2 of the Orcish Mines.
             The game lasted 01:05:15 (14576 turns).

PurpleRed the Ripper (Felid Venom Mage)            Turns: 14576, Time: 01:05:15

Health: -1/48      AC:  2    Str:  5    XL:     11   Next: 3%
Magic:  18/29      EV: 33    Int: 17    God:    Okawaru [******]
Gold:   935        SH:  0    Dex: 24    Spells: 2/21 levels left
                                        Lives:  0   Deaths: 3

rFire  . . .     SeeInvis +       - Unarmed
rCold  . . .     Gourm    .     (armour unavailable)
rNeg   . . .     Faith    .     (shield unavailable)
rPois  .         Spirit   .     (helmet unavailable)
rElec  .         Reflect  .     (cloak unavailable)
rCorr  .         Harm     .     (gloves unavailable)
MR     +....                    (boots unavailable)
Stlth  ++++++....               e - amulet of regeneration
                                p - +5 ring of dexterity
                                k - ring of magical power

@: heroism, quick
A: no armour, no weapons or thrown items, stealth, claws 1, fangs 3, see
invisible, carnivore 3, speed 1, shaggy fur 2, slow metabolism 1, sharp paws
a: Heroism, Finesse, Renounce Religion


You were on level 2 of the Orcish Mines.
You worshipped Okawaru.
Okawaru was exalted by your worship.
You were completely stuffed.

You visited 3 branches of the dungeon, and saw 14 of its levels.

You collected 1231 gold pieces.
You spent 296 gold pieces at shops.

Inventory:

Missiles
 y - a throwing net
Jewellery
 e - an amulet of regeneration (around neck)
 j - an uncursed ring of protection from cold
 k - a ring of magical power (left paw)
 p - a +5 ring of dexterity (right paw)
Wands
 f - a wand of flame (36/48)
 i - a wand of polymorph (9/24)
 u - a wand of disintegration (8/24)
 z - a wand of acid (5/15)
 B - a wand of iceblast (5/15)
 C - a wand of digging (11/24)
Scrolls
 c - 5 scrolls of amnesia
 g - 3 scrolls of remove curse
 m - a scroll of fear
 o - 2 scrolls of recharging
 q - 3 scrolls of blinking
 w - 2 scrolls of teleportation
 x - a scroll of identify
Potions
 h - 2 potions of haste
 l - 3 potions of cure mutation
 n - 2 potions of might
 r - 6 potions of curing
 s - a potion of heal wounds
 t - a potion of resistance
 D - 2 potions of lignification
 E - 2 potions of brilliance
Books
 a - a Young Poisoner's Handbook

   Spells                             Type                      Level
   a - Sting                          Conjuration/Poison           1
   b - Poisonous Vapours              Poison/Air                   2
   c - Mephitic Cloud                 Conjuration/Poison/Air       3
   d - Olgreb's Toxic Radiance        Poison                       4
   e - Venom Bolt                     Conjuration/Poison           5
 v - a book of Frost

   Spells                             Type                      Level
   a - Freeze                         Ice                          1
   b - Throw Frost                    Conjuration/Ice              2
   c - Ozocubu's Armour               Charms/Ice                   3
   d - Throw Icicle                   Conjuration/Ice              4
   e - Summon Ice Beast               Ice/Summoning                4
 A - a book of Necromancy

   Spells                             Type                      Level
   a - Pain                           Necromancy                   1
   b - Animate Skeleton               Necromancy                   1
   c - Vampiric Draining              Necromancy                   3
   d - Regeneration                   Charms/Necromancy            3
   e - Animate Dead                   Necromancy                   4
   f - Control Undead                 Necromancy                   4
Comestibles
 b - 6 meat rations
 d - 3 beef jerkies


   Skills:
 - Level 5.2(10.2) Fighting
 + Level 9.4(14.4) Dodging
 - Level 8.0(13.0) Stealth
 * Level 15.3(20.3) Unarmed Combat
 + Level 5.8 Spellcasting
 - Level 0.8 Conjurations
 - Level 5.2 Poison Magic
 - Level 4.1 Invocations


You had 2 spell levels left.
You knew the following spells:

 Your Spells              Type           Power        Failure   Level  Hunger
a - Sting                 Conj/Pois      ###.         4%          1    None
b - Poisonous Vapours     Pois/Air       ##....       10%         2    #......
c - Mephitic Cloud        Conj/Pois/Air  ##......     21%         3    ##.....
d - Olgreb's Toxic Radia  Pois           ###.....     17%         4    ####...
e - Ozocubu's Armour      Chrm/Ice       #.......     47%         3    ##.....
f - Regeneration          Chrm/Necr      #.........   47%         3    ##.....
g - Vampiric Draining     Necr           #.........   47%         3    ##.....


Dungeon Overview and Level Annotations

Branches:
Dungeon (11/15)            Temple (1/1) D:4            Lair (0/6) D:9
    Orc (2/2) D:10            Elf (0/3) Orc:2

Altars:
Ashenzari
Cheibriados
Dithmenos
Elyvilon
Fedhas
Gozag
Hepliaklqana
Kikubaaqudgha
Makhleb
Nemelex Xobeh
Okawaru
Qazlal
Ru
Sif Muna
Trog
Uskayaw
Vehumet
Xom
Yredelemnul
Zin
The Shining One
Beogh

Shops:
D:4 =   D:10 %   D:11 =   Orc:2 ?(*(

Annotations:
D:8 PurpleRed's ghost, novice FeVM


Innate Abilities, Weirdness & Mutations

You cannot wear armour.
You are incapable of wielding weapons or throwing items.
Your paws allow you to move quietly. (Stealth)
You have sharp claws.
You have razor-sharp teeth.
You have supernaturally acute eyesight. (SInv)
You are carnivorous and can eat meat at any time.
You cover ground quickly.
You are covered in thick fur. (AC +2)
You have a slow metabolism.
Your sharp claws are effective at attacking unaware monsters.


Message History

Casting: Poisonous Vapours
Confirm with . or Enter, or press ? or * to list all spells.
You begin to radiate toxic energy.
The stone giant is poisoned.
The stone giant throws a large rock.
The large rock hits you!!
Ouch! That really hurt!
The orc warrior shoots a bolt.
The bolt barely misses you.
The stone giant throws a large rock.
The large rock misses you.
Things that are here:
a large rock; a bolt
Press: ? - help, v - describe, . - travel
Here: a stone giant (lightly wounded, poisoned)
The floor.
Unknown command.
The orc warrior looks even sicker.
Things that are here:
an uncursed great mace; 19 bolts; an arbalest The orc warrior looks even sicker.
Your toxic aura wanes.
The orc warrior shoots a bolt.
The bolt hits you!!
You die...

........C.....#......≈≈≈≈####∩###
#.#...#.(.....((.....(.≈≈≈≈#####≈
##....#..(..o(#......(...≈≈≈# #≈≈
.#..........(.##..........≈≈# #≈≈
..#......#.....##..##..##(..###(.
..........(.#([........(.()(...(.
.####......###(.......(.).(......
...##......# ##)#################
....#)#((..# ##@##
....#).##.#####[#.## ### ###
_.....####..##(###.###.###.##
....#.#.#.(.[(## ##.##......#
....#.##......## ##........#
...##.)........####.........#
(####.........(#.###........#####
.........(#....(.#.#.........##..
##........##..)..................


You could see an orc warrior.

Vanquished Creatures
  Gastronok (D:9)
  Fannar (D:10)
  The ghost of brokenspear the Blocker, a journeyman MiFi of Hepliaklqana (D:11)
  Erica (D:10)
  A centaur warrior (Orc:2)
  3 two-headed ogres
  Nergalle (D:9)
  Sonja (D:10)
  4 orc knights (Orc:2)
  An orc sorcerer (Orc:1)
  The ghost of alcopop the Tainter, a novice SpVM of Vehumet (D:7)
  Joseph (D:9)
  A gargoyle (D:9)
  A komodo dragon (D:9)
  4 trolls
  A hippogriff (D:7)
  Sigmund (D:6)
  A wraith (D:10)
  6 yaks (D:10)
  A shadow (D:11)
  A steam dragon (D:7)
  4 wargs (Orc:2)
  An acid dragon (D:11)
  2 sky beasts (D:8)
  4 ice beasts
  26 orc warriors
  2 necrophages
  6 ogres
  2 phantoms
  11 centaurs
  A big kobold (D:10)
  3 bullfrogs
  11 scorpions
  A water moccasin skeleton (D:5)
  8 wights (D:11)
  2 howler monkeys
  3 crimson imps
  A centaur zombie (D:7)
  3 hounds
  2 jellies
  8 orc priests
  2 bullfrog skeletons (D:4)
  2 centaur skeletons
  11 orc wizards
  5 iguanas
  7 worker ants
  A hound zombie (D:9)
  A worker ant zombie (D:5)
  A howler monkey zombie (D:8)
  12 gnolls
  10 adders
  2 shadow imps
  An ooze (D:1)
  An adder zombie (D:7)
  2 worms (D:2)
  3 dart slugs (D:1)
  7 leopard geckos
  42 orcs
  A giant cockroach (D:2)
  5 goblins
  15 hobgoblins
  4 jackals
  11 kobolds
  5 quokkas
  2 ball pythons
  12 bats
  7 frilled lizards
  A jackal skeleton (D:5)
  A jackal zombie (D:5)
  A leopard gecko skeleton (D:5)
  A leopard gecko zombie (D:7)
  9 rats
  2 fungi (D:4)
322 creatures vanquished.

Vanquished Creatures (others)
  A fungus (D:4)
  A plant (D:9)
2 creatures vanquished.

Grand Total: 324 creatures vanquished

Notes
Turn   | Place    | Note
-------+----------+-------------------------------------------
     0 | D:1      | PurpleRed the Felid Venom Mage began the quest for the Orb.
     0 | D:1      | Reached XP level 1. HP: 7/7 MP: 4/4
     2 | D:1      | Noticed a demigod
     4 | D:1      | Noticed a vine stalker
     4 | D:1      | Noticed a halfling
     6 | D:1      | Noticed a ghoul
     6 | D:1      | Noticed a vampire
     8 | D:1      | Noticed a dwarf
     8 | D:1      | Noticed a naga
    10 | D:1      | Noticed a minotaur
    10 | D:1      | Noticed a formicid
    12 | D:1      | Noticed an elf
    12 | D:1      | Noticed a gargoyle
    14 | D:1      | Noticed a centaur
    14 | D:1      | Noticed a spriggan
    16 | D:1      | Noticed a human
    16 | D:1      | Noticed a merfolk
    18 | D:1      | Noticed an ogre
    20 | D:1      | Noticed a demonspawn
    22 | D:1      | Noticed a draconian
    22 | D:1      | Noticed a troll
    24 | D:1      | Noticed a tengu
    26 | D:1      | Noticed a felid
    26 | D:1      | Noticed an octopode
   206 | D:1      | Reached XP level 2. HP: 11/11 MP: 0/6
   210 | D:1      | Learned a level 2 spell: Poisonous Vapours
  1154 | D:1      | Reached XP level 3. HP: 11/14 MP: 7/7
  1979 | D:2      | Found a sacrificial altar of Ru.
  1986 | D:2      | Reached XP level 4. HP: 15/18 MP: 0/8
  2167 | D:2      | Found a sparkling altar of Nemelex Xobeh.
  2353 | D:2      | Learned a level 4 spell: Olgreb's Toxic Radiance
  2504 | D:2      | Found a basalt altar of Yredelemnul.
  3056 | D:3      | Found a glowing golden altar of the Shining One.
  3081 | D:3      | Reached skill level 5 in Poison Magic
  3088 | D:3      | Reached XP level 5. HP: 21/21 MP: 1/9
  3162 | D:3      | Found a hide-covered altar of Uskayaw.
  3310 | D:3      | Found a blossoming altar of Fedhas.
  3626 | D:3      | Found a hazy altar of Hepliaklqana.
  4311 | D:4      | Learned a level 3 spell: Mephitic Cloud
  4415 | D:4      | Found an opulent altar of Gozag.
  4544 | D:4      | Found Raesuowk's Jewellery Shop.
  4558 | D:4      | Reached skill level 1 in Unarmed Combat
  4562 | D:4      | Gained mutation: You are covered in thick fur. (AC +2) [Felid growth]
  4562 | D:4      | Reached XP level 6. HP: 24/24 MP: 11/11
  4600 | D:4      | Reached skill level 2 in Unarmed Combat
  4610 | D:4      | Found a sparkling altar of Nemelex Xobeh.
  4691 | D:4      | Reached skill level 3 in Unarmed Combat
  4754 | D:4      | Reached skill level 4 in Unarmed Combat
  4780 | D:4      | Reached XP level 7. HP: 27/27 MP: 8/12
  5182 | D:4      | Found a staircase to the Ecumenical Temple.
  5186 | Temple   | Entered the Ecumenical Temple
  5251 | Temple   | Became a worshipper of Warmaster Okawaru
  5374 | D:5      | Entered Level 5 of the Dungeon
  5447 | D:5      | Reached skill level 5 in Unarmed Combat
  5723 | D:5      | Found a shadowy altar of Dithmenos.
  5939 | D:5      | Reached skill level 5 in Dodging
  6044 | D:5      | Reached skill level 6 in Unarmed Combat
  6205 | D:5      | Reached XP level 8. HP: 26/31 MP: 13/13
  6504 | D:6      | Noticed Sigmund
  6524 | D:6      | Reached * piety under Okawaru
  6535 | D:6      | Killed Sigmund
  6535 | D:6      | Reached skill level 5 in Stealth
  6535 | D:6      | Reached skill level 7 in Unarmed Combat
  7190 | D:7      | Reached skill level 1 in Fighting
  7190 | D:7      | Reached skill level 8 in Unarmed Combat
  7229 | D:7      | Found a shattered altar of Ashenzari.
  7255 | D:7      | Noticed alcopop's ghost (novice SpVM)
  7336 | D:7      | Reached ** piety under Okawaru
  7422 | D:7      | Noticed a hippogriff
  7424 | D:7      | Killed a hippogriff
  7424 | D:7      | Reached XP level 9. HP: 37/37 MP: 14/14
  7429 | D:7      | Found a shimmering altar of Xom.
  7722 | D:8      | Noticed a two-headed ogre
  7754 | D:8      | Killed a two-headed ogre
  7754 | D:8      | Reached skill level 9 in Unarmed Combat
  7828 | D:8      | Found an ancient bone altar of Kikubaaqudgha.
  7828 | D:8      | Noticed PurpleRed's ghost (novice FeVM)
  7900 | D:8      | Noticed a two-headed ogre
  7921 | D:8      | Killed a two-headed ogre
  7921 | D:8      | Reached skill level 10 in Unarmed Combat
  7925 | D:8      | Reached *** piety under Okawaru
  8154 | D:8      | Reached skill level 5 in Fighting
  8396 | D:8      | Reached XP level 10. HP: 44/44 MP: 15/15
  8589 | D:7      | Found a shimmering altar of Xom.
  8751 | D:7      | Reached skill level 11 in Unarmed Combat
  8774 | D:7      | Killed alcopop's ghost
  9031 | D:9      | Noticed Joseph
  9049 | D:9      | Killed Joseph
  9049 | D:9      | Reached skill level 1 in Invocations
  9167 | D:9      | Noticed Gastronok
  9202 | D:9      | Killed from afar by Gastronok
  9203 | D:9      | Reached XP level 9. HP: -2/40 MP: 13/23
  9219 | D:9      | Killed Gastronok
  9219 | D:9      | Reached **** piety under Okawaru
  9219 | D:9      | Reached skill level 12 in Unarmed Combat
  9219 | D:9      | Reached XP level 10. HP: 44/44 MP: 7/15
  9327 | D:9      | Noticed a gargoyle
  9550 | D:9      | Found a staircase to the Lair.
  9757 | D:9      | Killed a gargoyle
  9974 | D:10     | Entered Level 10 of the Dungeon
  9998 | D:10     | Reached ***** piety under Okawaru
 10006 | D:10     | Noticed Nergalle
 10104 | D:9      | Killed Nergalle
 10104 | D:9      | Reached skill level 13 in Unarmed Combat
 10256 | D:10     | Noticed Sonja
 10412 | D:10     | Killed Sonja
 10424 | D:10     | Noticed Erica
 10432 | D:10     | Killed Erica
 10724 | D:10     | Reached XP level 11. HP: 36/48 MP: 9/16
 10827 | D:10     | Found a staircase to the Orcish Mines.
 10842 | D:10     | Noticed Fannar
 10843 | D:10     | Found Qitt's Food Shop.
 10844 | D:10     | Killed Fannar
 10844 | D:10     | Reached ****** piety under Okawaru
 10877 | D:10     | Noticed a two-headed ogre
 10919 | D:10     | Killed a two-headed ogre
 11083 | D:10     | Reached skill level 14 in Unarmed Combat
 12065 | D:11     | Noticed a sixfirhy
 12066 | D:11     | HP: 2/48 [sixfirhy[a kobold demonologist] (10)]
 12066 | D:11     | Slain by a quasit
 12067 | D:11     | Reached XP level 10. HP: 0/44 MP: 18/26
 12070 | D:11     | Found Lunaxoi's Jewellery Boutique.
 12083 | D:11     | Noticed a six-headed hydra
 12112 | D:11     | Noticed brokenspear's ghost (journeyman MiFi)
 12170 | D:11     | Killed brokenspear's ghost
 12323 | Orc:1    | Entered Level 1 of the Orcish Mines
 12323 | Orc:1    | Found an iron altar of Okawaru.
 12354 | Orc:1    | Noticed an orc sorcerer
 12488 | Orc:1    | Noticed an orange demon
 12501 | Orc:1    | Killed an orc sorcerer
 12683 | Orc:1    | Reached XP level 11. HP: 48/48 MP: 19/19
 12710 | Orc:1    | Learned a level 3 spell: Ozocubu's Armour
 12714 | Orc:1    | Learned a level 3 spell: Regeneration
 12718 | Orc:1    | Learned a level 3 spell: Vampiric Draining
 12885 | Orc:2    | Entered Level 2 of the Orcish Mines
 13096 | Orc:2    | Found a staircase to the Elven Halls.
 13129 | Orc:2    | Found a roughly hewn altar of Beogh.
 13500 | Orc:2    | Noticed an orc knight
 13515 | Orc:2    | Noticed an orc knight
 13683 | Orc:2    | Killed an orc knight
 13683 | Orc:2    | Reached skill level 5 in Spellcasting
 13689 | Orc:2    | Killed an orc knight
 13839 | Orc:2    | Noticed a centaur warrior
 13899 | Orc:2    | Noticed a stone giant
 13906 | Orc:2    | Hit by a large rock thrown by a stone giant
 13907 | Orc:2    | Reached XP level 10. HP: -21/44 MP: 9/27
 13967 | Orc:2    | Killed a centaur warrior
 13967 | Orc:2    | Reached skill level 15 in Unarmed Combat
 14021 | Orc:2    | Found Noxi's General Store.
 14021 | Orc:2    | Found Bexaxtag's Antique Weapon Shoppe.
 14023 | Orc:2    | Found Sopuro's Magic Scroll Emporium.
 14025 | Orc:2    | Found Liwat's Weapon Shop.
 14031 | Orc:2    | Bought a scroll of identify for 24 gold pieces
 14034 | Orc:2    | Bought a scroll of teleportation for 48 gold pieces
 14034 | Orc:2    | Bought a scroll of fear for 56 gold pieces
 14034 | Orc:2    | Bought a scroll of blinking for 120 gold pieces
 14037 | Orc:2    | Bought a scroll of identify for 24 gold pieces
 14037 | Orc:2    | Bought a scroll of identify for 24 gold pieces
 14155 | Orc:2    | Noticed an orc knight
 14159 | Orc:2    | Noticed an orc knight
 14225 | Orc:2    | Killed an orc knight
 14228 | Orc:2    | Killed an orc knight
 14265 | Orc:2    | Reached XP level 11. HP: 48/48 MP: 16/20
 14576 | Orc:2    | Shot with a bolt by an orc warrior

Vault maps used:
D:1:      kb_arrival_jail
D:2:      lemuel_round_altar, yredelemnul_altar_generic,
          nicolae_ru_great_annihilating_truth, minmay_misc_feat_encased,
          minmay_surrounded
D:3:      nicolae_overflow_hidden_temple, nicolae_overflow_crystal_walls,
          eat_drink_and_be_merry_uskayaw, lemuel_crystal_altar
D:4:      old_forge, lemuel_round_altar, serial_shops, shop, first_bread,
          nemelex_spade_bored_becter
D:5:      grunt_ministairs_1, grunt_dithmenos_smoke
D:6:      uniq_sigmund
D:7:      xom_redecorated, cheibrodos_ashenzari_chains
D:8:      kiku_gazebo_pond_becter
D:9:      david_lair_shrubbed, uniq_gastronok, uniq_joseph
D:10:     erik_orc_3, serial_shops, shop, uniq_fannar, uniq_sonja,
          uniq_nergalle, uniq_erica
D:11:     serial_shops, shop
Temple:   zaba_magenta_temple
Orc:1:    okawaru_metal_pillars_3
Orc:2:    st_orc_rangers, mines1_david

Skill      XL: |  1  2  3  4  5  6  7  8  9 10 11 |
---------------+----------------------------------+-----
Poison Magic   | 3 4 5 |  5.2
Spellcasting   | 3 5 |  5.8
Unarmed Combat | 1 4 6 8 12 15 14 | 15.3
Dodging        | 3 5 9 8 |  9.4
Stealth        | 3 6 8 |  8.0
Fighting       | 2 5 |  5.2
Invocations    | 3 4 |  4.1
Conjurations   | |  0.8

Action                   |  1- 3 |  4- 6 |  7- 9 | 10-12 || total
-------------------------+-------+-------+-------+-------++-------
Melee: Unarmed           |    77 |    81 |   195 |   384 ||   737
       Bite              |     5 |     5 |    30 |    39 ||    79
       Punch             |       |       |    10 |    35 ||    45
 Cast: Sting             |    13 |     4 |       |       ||    17
       Poisonous Vapours |    24 |    31 |    32 |    50 ||   137
       Olgreb's Toxic Ra |       |     7 |    13 |    40 ||    60
       Mephitic Cloud    |       |       |     5 |    43 ||    48
Invok: Heroism           |       |       |     3 |    16 ||    19
       Finesse           |       |       |       |     1 ||     1
Evoke: Wand              |       |       |     2 |     4 ||     6
  Use: Scroll            |       |    13 |     5 |    14 ||    32
       Potion            |       |     1 |     1 |     3 ||     5
 Stab: Sleeping          |     2 |     6 |    22 |    11 ||    41
       Distracted        |     1 |     1 |     1 |     4 ||     7
       Paralysed         |       |     1 |       |       ||     1
       Confused          |       |       |     3 |    21 ||    24
  Eat: Chunk             |    10 |    11 |    11 |    39 ||    71
Armor: Skin              |    11 |     3 |     3 |    14 ||    31
Dodge: Dodged            |    73 |    70 |   102 |   317 ||   562
